 Dungeon Crawl Stone Soup version 0.19-a0-1676-g39ae8cc (webtiles) character file.

3483 Goblin1989 the Martial Artist (level 9, -1/63 HPs)
             Began as a Demonspawn Assassin on Sept 23, 2016.
             Was a Priest of Hepliaklqana.
             Slain by an orc warrior
             ... wielding a +0 flail
              (9 damage)
             ... on level 8 of the Dungeon.
             The game lasted 00:26:00 (7757 turns).

Goblin1989 the Martial Artist (Demonspawn Assassin) Turns: 7757, Time: 00:26:01

Health: -1/63      AC: 13    Str: 11    XL:     9   Next: 79%
Magic:  18/18      EV:  5    Int: 13    God:    Hepliaklqana [***...]
Gold:   393        SH:  4    Dex: 20    Spells: 0 memorised, 8 levels left

rFire  . . .     SeeInvis .       - Unarmed
rCold  . . .     Gourm    +     y - +0 chain mail
rNeg   . . .     Faith    .     z - +0 buckler
rPois  .         Spirit   .     l - +0 helmet
rElec  .         Dismiss  .     d - +0 cloak
rCorr  .         Reflect  .     (gloves unavailable)
MR     ++...     Harm     .     (no boots)
Stlth  ..........               A - amulet of the gourmand
                                p - +4 ring of dexterity
                                k - ring of magical power

@: lethally poisoned (-1 -> -31)
A: reduced essence, claws 3, hooves 1, high mp 1, magic resistance 2, powered by
pain 1, shaggy fur 1, spiny 1, weak 1, evolution 1
a: Recall Ancestor, Ancestor Identity, Transference, Renounce Religion


You were on level 8 of the Dungeon.
You worshipped Hepliaklqana.
Hepliaklqana was most pleased with you.
You were not hungry.

You visited 1 branch of the dungeon, and saw 8 of its levels.

You collected 393 gold pieces.

Inventory:

Hand Weapons
 b - the +10 spear of Death {pierce, rElec Int+2}
   (You found it on level 6 of the Dungeon)

   It inflicts extra damage upon your enemies.
   It affects your intelligence (+2).
   It insulates you from electricity.
Missiles
 c - a throwing net (quivered)
Armour
 d - a +0 cloak (worn)
 l - a +0 helmet (worn)
 y - a +0 chain mail (worn)
 z - a +0 buckler (worn)
Jewellery
 k - a ring of magical power (left claw)
 p - a +4 ring of dexterity (right claw)
 A - an amulet of the gourmand (around neck)
Scrolls
 i - a scroll of fear {unknown}
 j - 5 scrolls of remove curse
 o - 2 scrolls of teleportation
 r - a scroll of noise {unknown}
 s - 2 scrolls of enchant armour {unknown}
 t - 2 scrolls of recharging
 u - 4 scrolls of magic mapping
 v - 2 scrolls of fog
 w - a scroll of vulnerability {unknown}
Potions
 a - a potion of agility
 e - 2 potions of haste
 f - a potion of berserk rage
 h - a potion of cancellation
 m - a potion of invisibility {unknown}
 n - a potion of mutation {unknown}
Comestibles
 g - 6 bread rations
 q - 2 fruits
 x - a slice of pizza


   Skills:
 + Level 6.4 Fighting
   Level 2.3 Short Blades
 - Level 1.7 Throwing
 + Level 5.4 Armour
 - Level 0.8 Dodging
 - Level 3.7 Stealth
 + Level 0.8 Shields
 * Level 9.8 Unarmed Combat


You had 8 spell levels left.
You didn't know any spells.

Dungeon Overview and Level Annotations

Branches:
Dungeon (8/15)             Temple (0/1) D:6
   Lair: D:8-11

Altars:
Elyvilon
Fedhas
Gozag
Hepliaklqana
Kikubaaqudgha
Makhleb
The Shining One
Beogh

Annotations:
D:2 1 runed door


Innate Abilities, Weirdness & Mutations

You have claws for hands.
You sometimes gain a little power by taking damage.
You are partially covered in sharp spines.
Your life essence is reduced. (-10% HP)
You have large cloven feet.
You have an increased reservoir of magic. (+10% MP)
You are highly resistant to hostile enchantments. (MR++)
You are covered in fur. (AC +1)
You are weak. (Str -2)
You evolve.


Message History

You are more poisoned.
The killer bee poisons you!
The killer bee is struck by your spines.
The killer bee stings you.
* * * LOW HITPOINT WARNING * * *
You are more poisoned.
The killer bee poisons you!
A worker ant comes into view.
You take 8 damage, and have 11/63 hp.
It was a potion of cancellation.
You feel strangely stable.
You feel magically purged.
* * * LOW HITPOINT WARNING * * *
You feel very sick.
The killer bee is struck by your spines.
You kill the killer bee!
The killer bee is struck by your spines.
The killer bee stings you but does no damage.
The orc warrior hits you with a flail!
You die...

#..#.......÷.........#
#........<..........####
....#........[.....##...
..............######..#
....#.....##.....>....##
##....................##
#####...##..............#
..........yyy........######
%######.##y@y(.R.....#....#
#.....o........#oo_.#
###........?...#o.oo#
#####..(........#.)oo#
##......(.....a..##)#
.......(..........).#
...[.......#..##..†.#
##..(..(......#.........
#............#.........


You could see the friendly Leofsige the battlemage, an orc warrior, a worker ant
and 5 killer bees.

Vanquished Creatures
  Sigmund (D:2)
  An ice beast (D:6)
  A sky beast (D:5)
  A black bear (D:6)
  An ogre (D:7)
  A phantom (D:6)
  A centaur (D:8)
  3 bullfrogs (D:6)
  4 killer bees
  2 crimson imps
  2 howler monkeys (D:7)
  3 hounds
  3 jellies
  2 orc priests
  3 orc wizards
  A bullfrog skeleton (D:4)
  Jessica (D:2)
  A worker ant (D:6)
  Natasha (twice) (D:3)
  An iguana (D:4)
  A hound skeleton (D:5)
  A howler monkey skeleton (D:5)
  6 gnolls
  7 adders
  2 shadow imps (D:5)
  An ooze (D:1)
  An adder skeleton (D:7)
  An adder zombie (D:7)
  4 worms
  3 leopard geckos
  21 orcs
  A ball python (D:1)
  2 giant cockroaches
  9 goblins
  3 hobgoblins
  3 jackals (D:2)
  A quokka (D:4)
  8 bats
  10 frilled lizards
  2 kobolds
  A quokka zombie (D:5)
  8 rats
131 creatures vanquished.

Vanquished Creatures (collateral kills)
  The ghost of vible the Cleaver, a novice HOCK of Xom (D:7)
  Prince Ribbit (D:8)
  3 ogres
  A sky beast (D:5)
  An orc warrior (D:8)
  A bullfrog (D:7)
  A scorpion (D:8)
  2 howler monkeys (D:8)
  A jelly (D:8)
  An orc priest (D:8)
  3 orc wizards
  A killer bee zombie (D:7)
  A hound skeleton (D:5)
  An ooze (D:6)
  An adder skeleton (D:7)
  A worm (D:3)
  A dart slug (D:3)
  6 orcs
  A jackal skeleton (D:6)
29 creatures vanquished.

Vanquished Creatures (others)
  An ancestor (D:4)
1 creature vanquished.

Grand Total: 161 creatures vanquished

Notes
Turn   | Place    | Note
-------+----------+-------------------------------------------
     0 | D:1      | Goblin1989 the Demonspawn Assassin began the quest for the Orb.
     0 | D:1      | Reached XP level 1. HP: 16/16 MP: 1/1
   277 | D:1      | Gained mutation: You have sharp fingernails. [demonic ancestry]
   277 | D:1      | Reached XP level 2. HP: 20/22 MP: 2/2
   508 | D:1      | Reached skill level 1 in Unarmed Combat
   900 | D:2      | Found a blossoming altar of Fedhas.
   985 | D:2      | Noticed Jessica
  1009 | D:2      | Killed Jessica
  1009 | D:2      | Reached skill level 2 in Unarmed Combat
  1009 | D:2      | Reached XP level 3. HP: 7/27 MP: 3/3
  1601 | D:2      | Reached XP level 4. HP: 31/33 MP: 4/4
  1677 | D:2      | Reached skill level 3 in Unarmed Combat
  1758 | D:2      | Found a runed door.
  1867 | D:2      | Noticed Sigmund
  1886 | D:2      | Killed Sigmund
  1886 | D:2      | Reached skill level 4 in Unarmed Combat
  1886 | D:2      | Gained mutation: You have very sharp fingernails. [demonic ancestry]
  1886 | D:2      | Reached XP level 5. HP: 20/38 MP: 5/5
  2287 | D:2      | Reached skill level 5 in Unarmed Combat
  2287 | D:2      | Gained mutation: You are partially covered in sharp spines. [demonic ancestry]
  2287 | D:2      | Reached XP level 6. HP: 16/44 MP: 6/6
  2952 | D:3      | Found a glowing golden altar of the Shining One.
  3045 | D:3      | Noticed Natasha
  3052 | D:3      | Killed Natasha
  3146 | D:3      | Found a hazy altar of Hepliaklqana.
  3151 | D:3      | Became a worshipper of Hepliaklqana
  3392 | D:3      | Noticed Natasha
  3398 | D:3      | Killed Natasha
  4105 | D:4      | Reached skill level 1 in Armour
  4157 | D:4      | Reached * piety under Hepliaklqana
  4215 | D:4      | Gained mutation: You have claws for hands. [demonic ancestry]
  4215 | D:4      | Reached XP level 7. HP: 29/45 MP: 7/7
  4217 | D:4      | Reached skill level 6 in Unarmed Combat
  4218 | D:4      | HP: 2/45 [orc priest/divine providence (13)]
  4226 | D:4      | HP: 3/67 [orc priest/divine providence (7)]
  4798 | D:4      | Found a burning altar of Makhleb.
  4801 | D:4      | Found an ancient bone altar of Kikubaaqudgha.
  4804 | D:4      | Found a white marble altar of Elyvilon.
  4879 | D:4      | Found an opulent altar of Gozag.
  5096 | D:5      | Entered Level 5 of the Dungeon
  5333 | D:5      | Gained mutation: You evolve. [mutagenic meat]
  5336 | D:5      | Gained mutation: You are resistant to hostile enchantments. (MR+) [mutagenic meat]
  5436 | D:5      | Reached ** piety under Hepliaklqana
  5437 | D:5      | Remembered your ancestor Leofsige as a battlemage
  5494 | D:5      | Reached skill level 7 in Unarmed Combat
  5494 | D:5      | Reached XP level 8. HP: 45/54 MP: 8/8
  5512 | D:4      | Gained mutation: You are weak. (Str -2) [mutagenic meat]
  5515 | D:4      | Gained mutation: You have large cloven feet. [mutagenic meat]
  5518 | D:4      | Gained mutation: You are covered in fur. (AC +1) [mutagenic meat]
  5608 | D:5      | Gained mutation: You are highly resistant to hostile enchantments. (MR++) [evolution]
  5935 | D:6      | Found a staircase to the Ecumenical Temple.
  6320 | D:6      | Reached skill level 8 in Unarmed Combat
  6382 | D:6      | Reached skill level 5 in Fighting
  6448 | D:6      | Got an ancient spear
  6449 | D:6      | Identified the +10 spear of Death {pierce, rElec Int+2} (You found it on level 6 of the Dungeon)
  6596 | D:7      | Noticed vible's ghost (novice HOCK)
  6639 | D:6      | Gained mutation: You have an increased reservoir of magic. (+10% MP) [evolution]
  6661 | D:7      | Gained mutation: You sometimes gain a little power by taking damage. [demonic ancestry]
  6661 | D:7      | Reached XP level 9. HP: 61/61 MP: 9/9
  7080 | D:7      | Reached *** piety under Hepliaklqana
  7196 | D:7      | Killed vible's ghost
  7196 | D:7      | Reached skill level 5 in Armour
  7196 | D:7      | Reached skill level 9 in Unarmed Combat
  7461 | D:8      | Noticed Prince Ribbit
  7694 | D:8      | Killed Prince Ribbit
  7735 | D:8      | Found a roughly hewn altar of Beogh.
  7757 | D:8      | Slain by an orc warrior

Vault maps used:
D:1:      scummos_arrival_simple_fountains, minmay_misc_feat_pillars, hex_tiny
D:2:      fedhas_altar_2, uniq_sigmund, uniq_crazy_yiuf_cottage, uniq_jessica
D:3:      wad_lake_hut, lemuel_doored_altar, tso_altar, uniq_natasha
D:4:      grunt_temple_overflow_diamond, first_bread, grunt_gozag_breadcrumbs
D:5:      nrook_pool_corridor
D:8:      vehumet_altar_wand_db, special_room, blue_anna_alchemist, uniq_grum,
          uniq_prince_ribbit1

Skill      XL: |  1  2  3  4  5  6  7  8  9 |
---------------+----------------------------+-----
Short Blades   | 2 |  2.3
Unarmed Combat | 2 4 5 7 8 9 |  9.8
Armour         | 1 2 4 5 |  5.4
Fighting       | 3 5 6 |  6.4
Throwing       | |  1.7
Dodging        | |  0.8
Stealth        | |  3.7
Shields        | |  0.8

Action                   |  1- 3 |  4- 6 |  7- 9 || total
-------------------------+-------+-------+-------++-------
Melee: Dagger            |    97 |    20 |       ||   117
       Unarmed           |       |    74 |   181 ||   255
       Punch             |       |       |     4 ||     4
       Kick              |       |       |    25 ||    25
 Fire: Hunting sling     |    21 |    15 |       ||    36
       Blowgun           |       |     2 |       ||     2
Invok: Recall Ancestor   |       |     1 |       ||     1
       Ancestor Life: Ba |       |       |     1 ||     1
  Use: Potion            |       |       |     5 ||     5
       Scroll            |       |       |     9 ||     9
 Stab: Sleeping          |     2 |     3 |       ||     5
       Distracted        |       |     3 |     2 ||     5
  Eat: Chunk             |     1 |     2 |    22 ||    25
       Meat ration       |       |     1 |       ||     1
       Bread ration      |       |     1 |       ||     1
Armor: Robe              |    27 |    10 |       ||    37
       Scale mail        |       |    16 |    25 ||    41
       Skin              |       |       |     7 ||     7
       Chain mail        |       |       |    51 ||    51
Dodge: Dodged            |    55 |    43 |    51 ||   149
Block: Buckler           |       |       |     6 ||     6
